 Dungeon Crawl Stone Soup version 0.16.0-12-g7215832 (webtiles) character file.

15423 Fluffy the Carver (level 12, -2/94 HPs)
             Began as a Human Fighter on Mar 18, 2015.
             Was a High Priest of the Shining One.
             Blown up by an eye of devastation (13 damage)
             ... with a bolt of energy
             ... on level 1 of the Abyss.
             The game lasted 00:57:19 (17474 turns).

Fluffy the Carver (Human Fighter)                  Turns: 17474, Time: 00:57:20

Health: -2/94      AC: 25    Str: 18    XL:     12   Next: 57%
Magic:  13/13      EV:  4    Int: 12    God:    the Shining One [*****.]
Gold:   663        SH: 11    Dex: 19    Spells: 0 memorised, 11 levels left

rFire  + . .     SeeInvis .     s - +1 falchion (holy)
rCold  + . .     Clarity  .     l - +5 plate armour {MR+}
rNeg   + + +     SustAb   .     c - +0 shield
rPois  +         Gourm    .     M - -2 hat of the Alchemist {rElec rPois rF+ rC+ rN+ MR+ rMut rCorr}
rElec  +         Spirit   .     a - +2 cloak {MR+}
rCorr  +         Warding  .     w - +0 pair of gloves
rMut   +         Stasis   .     t - +2 pair of boots "Blimib" {rN+ MP-9 Int+3}
MR     ++++.                    (no amulet)
Stlth  ..........               p - +3 ring of dexterity
                                G - ring of protection from magic

@: glowing, incredibly resistant to hostile enchantments, extremely unstealthy
A: no striking features
a: Divine Shield, Cleansing Flame, Summon Divine Warrior, Renounce Religion


You were on level 1 of the Abyss.
You worshipped the Shining One.
The Shining One was extremely pleased with you.
You were hungry.

You visited 3 branches of the dungeon, and saw 15 of its levels.
You visited the Abyss 1 time.

You collected 1850 gold pieces.
You spent 1187 gold pieces at shops.

Inventory:

Hand weapons
 g - a +1 great sword of freezing
 s - a +1 falchion of holy wrath (weapon)
Armour
 a - a +2 cloak of magic resistance (worn)
 b - a +0 crystal plate armour
 c - a +0 shield (worn)
 l - a +5 plate armour of magic resistance (worn)
 t - the +2 pair of boots "Blimib" (worn) {rN+ MP-9 Int+3}
   (You found it on level 10 of the Dungeon)

   It affects your intelligence (+3).
   It protects you from negative energy.
   It affects your magic capacity (-9).
 w - a +0 pair of gloves (worn)
 M - the -2 hat of the Alchemist (worn) {rElec rPois rF+ rC+ rN+ MR+ rMut rCorr}
   (You bought it in a shop on level 4 of the Dungeon)

   It protects you from fire.
   It protects you from cold.
   It insulates you from electricity.
   It protects you from poison.
   It protects you from negative energy.
   It affects your resistance to hostile enchantments.
   It protects you from acid and corrosion.
   It protects you from mutation.
Jewellery
 p - a +3 ring of dexterity (right hand)
 G - a ring of protection from magic (left hand)
Magical devices
 f - a wand of frost (9)
 q - a wand of cold (0)
 u - a wand of polymorph (0)
 x - a wand of disintegration (16)
 y - a wand of disintegration (5)
Scrolls
 j - 4 scrolls of blinking
 n - 6 scrolls of remove curse
 A - 2 scrolls of teleportation
 H - 2 scrolls of enchant weapon
Potions
 e - 2 potions of might
 h - a potion of cure mutation
 i - a potion of flight {unknown}
 m - a potion of experience {unknown}
 o - 2 potions of curing
 z - a potion of magic
 B - a potion of restore abilities
 D - 3 potions of heal wounds {unknown}
 E - a potion of resistance {unknown}
 F - 3 potions of haste {unknown}
Comestibles
 d - 3 bread rations
 k - 3 meat rations
 r - 8 fruits
 v - 2 beef jerkies


   Skills:
 + Level 8.3 Fighting
 + Level 12.9 Long Blades
 + Level 8.5 Armour
 + Level 8.2 Shields
 + Level 6.6 Invocations


You had 11 spell levels left.
You didn't know any spells.

Dungeon Overview and Level Annotations

Branches:
Dungeon (10/15)            Temple (1/1) D:4            Lair (0/8) D:8
    Orc (4/4) D:10            Elf (0/3) Orc:4

Altars:
Ashenzari
Cheibriados
Dithmenos
Elyvilon
Fedhas
Gozag
Kikubaaqudgha
Makhleb
Nemelex Xobeh
Okawaru
Qazlal
Ru
Sif Muna
Trog
Vehumet
Xom
Yredelemnul
Zin
The Shining One
Beogh

Shops:
D:4 [   D:8 ?}


Message History

The bolt of energy hits you!
You continue putting on your +0 shield.
The smoke demon hits you but does no damage. x2
The smoke demon hits you.
* * * LOW HITPOINT WARNING * * *
You continue putting on your +0 shield.
The eye of devastation gazes at you. The bolt of energy hits you!
* * * LOW HITPOINT WARNING * * *
The smoke demon hits you but does no damage. x3
You continue putting on your +0 shield.
The smoke demon hits you but does no damage. x3
You finish putting on your +0 shield.
Drink which item? (? for menu, Esc to quit)
You feel better. The smoke demon barely misses you.
The smoke demon hits you but does no damage.
You block the smoke demon's attack. The eye of devastation gazes at you.
The bolt of energy hits you!
You die...

#. ....##..#
....
........#.......
.. #..#...# #.#
. #..#.#....# .
..# #G§.....
#####.. #. ##G.#
#.....
#......#..#....
.. #.
#...#...#.#..#.
...##..@3..# .
###......#.#
##...#...#
..........#
..##.#.#.....#
.#.##.##... .# #
#. .. .


You could see an eye of devastation and a smoke demon.

Vanquished Creatures
  A starcursed mass (Abyss:1)
  Nergalle (Orc:4)
  2 hill giants (D:10)
  An unseen horror (D:10)
  A cyclops (D:8)
  An orc sorcerer (Orc:1)
  A centaur zombie (D:10)
  Joseph (D:7)
  A two-headed ogre (D:10)
  Prince Ribbit (D:4)
  2 trolls
  A trapdoor spider (D:10)
  3 yaks (D:9)
  Grum (D:9)
  A hippogriff (D:5)
  A neqoxec (Abyss:1)
  2 wolves (D:9)
  5 wargs
  A water moccasin (D:8)
  3 phantoms (D:10)
  2 ice beasts
  4 sky beasts
  2 eyes of draining
  2 black bears
  6 ogres
  A wasp (D:8)
  21 orc warriors
  3 centaurs
  2 crocodiles
  2 big kobolds (D:9)
  8 giant frogs
  A scorpion (D:3)
  2 wights (D:9)
  3 electric eels (D:10)
  2 crimson imps
  A giant frog zombie (D:10)
  2 goliath beetles (D:6)
  A quasit (D:8)
  2 giant frog skeletons
  37 orc priests
  4 hounds
  A jelly (D:9)
  36 orc wizards
  11 worker ants
  An iguana (D:6)
  6 ogre zombies (D:10)
  Jessica (D:3)
  A hound skeleton (D:5)
  12 adders
  A giant mite (D:6)
  A shadow imp (D:7)
  2 worms
  2 adder skeletons (D:4)
  5 giant geckos
  An ooze (D:1)
  207 orcs
  2 bat skeletons
  5 giant cockroaches
  21 hobgoblins
  8 jackals
  2 ball pythons
  25 bats
  A giant gecko skeleton (D:4)
  7 giant newts
  25 goblins
  3 goblin zombies (D:10)
  2 hobgoblin zombies (D:10)
  21 kobolds
  14 orc zombies (D:10)
  3 quokkas
  11 rats
577 creatures vanquished.

Vanquished Creatures (others)
  A plant (D:9)
1 creature vanquished.

Grand Total: 578 creatures vanquished

Notes
Turn   | Place    | Note
--------------------------------------------------------------
     0 | D:1      | Fluffy, the Human Fighter, began the quest for the Orb.
     0 | D:1      | Reached XP level 1. HP: 18/18 MP: 1/1
   295 | D:1      | Reached XP level 2. HP: 24/24 MP: 2/2
   731 | D:2      | Reached XP level 3. HP: 25/29 MP: 3/3
   908 | D:2      | Reached skill level 4 in Long Blades
   908 | D:2      | Reached XP level 4. HP: 31/35 MP: 4/4
  1590 | D:3      | Reached XP level 5. HP: 39/41 MP: 5/5
  1703 | D:3      | Noticed Jessica
  1707 | D:3      | Noticed a centaur
  1714 | D:3      | Killed Jessica
  1714 | D:3      | Reached skill level 5 in Long Blades
  2330 | D:3      | Noticed a sky beast
  2330 | D:3      | a centaur changed into a sky beast
  2343 | D:3      | Killed a sky beast
  2343 | D:3      | Reached skill level 6 in Long Blades
  2343 | D:3      | Reached XP level 6. HP: 29/47 MP: 6/6
  2515 | D:3      | Found a glowing silver altar of Zin.
  2519 | D:3      | Found a radiant altar of Vehumet.
  2873 | D:4      | Got an ancient hand axe
  2921 | D:4      | Identified the +2 hand axe of Causality {chop, rC++ Int+4 SInv} (You found it on level 4 of the Dungeon)
  3108 | D:3      | Reached skill level 7 in Long Blades
  3108 | D:3      | Reached XP level 7. HP: 49/52 MP: 7/7
  3500 | D:4      | Found Etiext's Armour Emporium.
  3541 | D:4      | Found a staircase to the Ecumenical Temple.
  3560 | Temple   | Entered the Ecumenical Temple
  3679 | D:4      | Noticed Prince Ribbit
  3691 | D:4      | Killed Prince Ribbit
  3691 | D:4      | Reached skill level 8 in Long Blades
  3935 | D:5      | Entered Level 5 of the Dungeon
  3940 | D:5      | Reached XP level 8. HP: 54/58 MP: 8/8
  3944 | D:5      | Noticed a hippogriff
  3959 | D:5      | Killed a hippogriff
  3959 | D:5      | Reached skill level 9 in Long Blades
  4489 | D:5      | Found a shattered altar of Ashenzari.
  5125 | D:6      | Reached skill level 10 in Long Blades
  5432 | D:6      | Reached XP level 9. HP: 41/63 MP: 9/9
  5864 | D:6      | Reached skill level 11 in Long Blades
  6481 | D:7      | Noticed Joseph
  6501 | D:7      | Killed Joseph
  7814 | D:8      | Found Faoghout's Gadget Shop.
  7878 | D:8      | Noticed a cyclops
  7893 | D:8      | Killed a cyclops
  7893 | D:8      | Reached XP level 10. HP: 53/73 MP: 10/10
  8076 | D:8      | Found Thruduqeo's Magic Scroll Emporium.
  8102 | D:8      | Reached skill level 5 in Fighting
  8395 | D:8      | Reached skill level 5 in Armour
  8440 | D:8      | Reached skill level 5 in Shields
  8577 | D:8      | Found a staircase to the Lair.
  8986 | D:4      | Bought the -2 hat of the Alchemist {rElec rPois rF+ rC+ rN+ MR+ rMut rCorr} for 472 gold pieces
  9740 | D:9      | Found a roughly hewn altar of Beogh.
 10406 | D:9      | Found an iron altar of Okawaru.
 10406 | D:9      | Found a bloodstained altar of Trog.
 10415 | D:9      | Found a sparkling altar of Nemelex Xobeh.
 10435 | D:9      | Reached skill level 12 in Long Blades
 10476 | D:9      | Found a blossoming altar of Fedhas.
 10479 | D:9      | Found a glowing golden altar of the Shining One.
 10487 | D:9      | Became a worshipper of the Shining One
 10612 | D:9      | Reached skill level 1 in Invocations
 11029 | D:9      | Noticed Grum
 11050 | D:9      | Killed Grum
 11050 | D:9      | Reached XP level 11. HP: 68/81 MP: 12/14
 11409 | D:10     | Entered Level 10 of the Dungeon
 11458 | D:10     | Acquired the Shining One's first power
 11494 | D:10     | Found a staircase to the Orcish Mines.
 11631 | D:10     | Acquired the Shining One's second power
 12136 | D:10     | Noticed a hill giant
 12151 | D:10     | Killed a hill giant
 12491 | D:10     | Noticed a hill giant
 12498 | D:10     | Killed a hill giant
 12919 | D:10     | Noticed an unseen horror
 12920 | D:10     | Killed an unseen horror
 13129 | D:10     | Got a pair of distressingly furry boots
 13140 | D:10     | Identified the +2 pair of boots "Blimib" {rN+ MP-9 Int+3} (You found it on level 10 of the Dungeon)
 13259 | Orc:1    | Entered Level 1 of the Orcish Mines
 13483 | Orc:1    | Acquired the Shining One's third power
 13772 | Orc:2    | Noticed an orc sorcerer
 13778 | Orc:1    | Killed an orc sorcerer
 13778 | Orc:1    | Reached skill level 5 in Invocations
 14161 | Orc:2    | Reached XP level 12. HP: 91/91 MP: 11/20
 15821 | Orc:4    | Entered Level 4 of the Orcish Mines
 15961 | Orc:4    | Found a staircase to the Elven Halls.
 16009 | Orc:4    | Noticed Nergalle
 16017 | Orc:4    | Killed Nergalle
 16017 | Orc:4    | Acquired the Shining One's fourth power
 16381 | D:4      | Bought a +2 cloak of magic resistance for 215 gold pieces
 16394 | D:4      | Bought a +4 plate armour of magic resistance for 500 gold pieces
 17372 | Orc:4    | Cast into the Abyss (orc)
 17410 | Abyss:1  | Noticed a starcursed mass
 17416 | Abyss:1  | Killed a starcursed mass
 17472 | Abyss:1  | HP: 1/94 [disintegration (27)]
 17474 | Abyss:1  | Blown up by an eye of devastation

Action                   |  1- 3 |  4- 6 |  7- 9 | 10-12 || total
-------------------------+-------+-------+-------+-------++-------
Melee: Long sword        |    83 |   221 |   329 |   351 ||   984
       Unarmed           |       |     4 |       |       ||     4
       Great sword       |       |       |       |   580 ||   580
       Falchion          |       |       |       |     1 ||     1
Evoke: Wand              |       |     4 |     5 |     7 ||    16
  Use: Scroll            |       |       |       |    21 ||    21
       Potion            |       |       |       |     1 ||     1
  Eat: Chunk             |       |     8 |    13 |    31 ||    52
       Pizza             |       |       |     1 |       ||     1
